SA
ATHLETIC CLUB KC U-21 @ GRIM REAPERS
05/30/2030
 
TOP OF THE 1ST
Athletic Club KC U-21 batting - Pitching for Grim Reapers : RHP Andy Fallon
Pitching: RHP Andy Fallon
Batting: RHB David Lozano 0-0: Foul Ball, location: 2F
0-1: Foul Ball, location: 2F
0-2: Foul Ball, location: 2F
0-2: Ball
1-2: Foul Ball, location: 2F
1-2: Ball
2-2: Strikes out swinging
Batting: LHB Loo Liu 0-0: Ball
1-0: Called Strike
1-1: Called Strike
1-2: Strikes out swinging
Batting: LHB José Antonio Mireles 0-0: Called Strike
0-1: Ground out 5-3 (Groundball, 56S)
Top of the 1st over - 0 runs, 0 hits, 0 errors, 0 left on base; Athletic Club KC 0 - Grim 0
BOTTOM OF THE 1ST
Grim Reapers batting - Pitching for Athletic Club KC U-21 : RHP Madanraj Velusamy
Pitching: RHP Madanraj Velusamy
Batting: RHB Dolla Head 0-0: Ball
1-0: Foul Ball, location: 2F
1-1: Foul Ball, location: 2F
1-2: Strikes out swinging
Batting: LHB Glen Allen Mixon 0-0: Ball
1-0: Fly out, F9 (Flyball, 9LSF)
Batting: RHB Milos Jaksch 0-0: Ground out 5-3 (Groundball, 5S)
Bottom of the 1st over - 0 runs, 0 hits, 0 errors, 0 left on base; Athletic Club KC 0 - Grim 0
TOP OF THE 2ND
Athletic Club KC U-21 batting - Pitching for Grim Reapers : RHP Andy Fallon
Batting: RHB Troy Whitehurst 0-0: Called Strike
0-1: Ball
1-1: Ball
2-1: Ground out U3 (Groundball, 3S)
Batting: RHB Miguel Rodríguez 0-0: Ball
1-0: Called Strike
1-1: Called Strike
1-2: Ground out 4-3 (Groundball, 4)
Batting: RHB Leonardo Hernández 0-0: Ground out 5-3 (Groundball, 56S)
Top of the 2nd over - 0 runs, 0 hits, 0 errors, 0 left on base; Athletic Club KC 0 - Grim 0
BOTTOM OF THE 2ND
Grim Reapers batting - Pitching for Athletic Club KC U-21 : RHP Madanraj Velusamy
Batting: RHB Mun-wah Law 0-0: Called Strike
0-1: Called Strike
0-2: Ground out 5-3 (Groundball, 56)
Batting: RHB Mason Congdon 0-0: Called Strike
0-1: Ball
1-1: Foul Ball, location: 2F
1-2: Ball
2-2: Foul Ball, location: 2F
2-2: Fly out, F7 (Flyball, 7)
Batting: SHB Fernando Rincón 0-0: Ground out 1-3 (Groundball, 13)
Bottom of the 2nd over - 0 runs, 0 hits, 0 errors, 0 left on base; Athletic Club KC 0 - Grim 0
TOP OF THE 3RD
Athletic Club KC U-21 batting - Pitching for Grim Reapers : RHP Andy Fallon
Batting: RHB Bing-zhong Wu 0-0: Called Strike
0-1: Ball
1-1: Foul Ball, location: 2F
1-2: Ball
2-2: Strikes out swinging
Batting: RHB John Ricks 0-0: Ball
1-0: Swinging Strike
1-1: Foul Ball, location: 2F
1-2: Strikes out looking
Batting: RHB Jon Hall 0-0: Called Strike
0-1: Ball
1-1: Foul Ball, location: 2F
1-2: Ball
2-2: Strikes out swinging
Top of the 3rd over - 0 runs, 0 hits, 0 errors, 0 left on base; Athletic Club KC 0 - Grim 0
BOTTOM OF THE 3RD
Grim Reapers batting - Pitching for Athletic Club KC U-21 : RHP Madanraj Velusamy
Batting: RHB Colby King 0-0: Foul Ball, location: 2F
0-1: Ball
1-1: Foul Ball, location: 2F
1-2: Ball
2-2: SINGLE (Flyball, 8RS)
Batting: RHB Harlan Thompson 0-0: Ball
1-0: Fly out, F9 (Flyball, 9S)
Batting: RHB Joe Rodgers 0-0: Fly out, F8 (Flyball, 89S)
Batting: RHB Dolla Head 0-0: Ground out 4-3 (Groundball, 34)
Bottom of the 3rd over - 0 runs, 1 hit, 0 errors, 1 left on base; Athletic Club KC 0 - Grim 0
TOP OF THE 4TH
Athletic Club KC U-21 batting - Pitching for Grim Reapers : RHP Andy Fallon
Batting: RHB David Lozano 0-0: Ball
1-0: Fly out, F7 (Flyball, 78D)
Batting: LHB Loo Liu 0-0: Ball
1-0: Called Strike
1-1: Foul Ball, location: 2F
1-2: Ball
2-2: Foul Ball, location: 2F
2-2: Foul Ball, location: 2F
2-2: Ball
3-2: Strikes out swinging
Batting: LHB José Antonio Mireles 0-0: Ball
1-0: Ball
2-0: Ground out U3 (Groundball, 34)
Top of the 4th over - 0 runs, 0 hits, 0 errors, 0 left on base; Athletic Club KC 0 - Grim 0
BOTTOM OF THE 4TH
Grim Reapers batting - Pitching for Athletic Club KC U-21 : RHP Madanraj Velusamy
Batting: LHB Glen Allen Mixon 0-0: Swinging Strike
0-1: Ground out 4-3 (Groundball, 34)
Batting: RHB Milos Jaksch 0-0: Ground out U3 (Groundball, 3)
Batting: RHB Mun-wah Law 0-0: Swinging Strike
0-1: Ground out 6-3 (Groundball, 6)
Bottom of the 4th over - 0 runs, 0 hits, 0 errors, 0 left on base; Athletic Club KC 0 - Grim 0
TOP OF THE 5TH
Athletic Club KC U-21 batting - Pitching for Grim Reapers : RHP Andy Fallon
Batting: RHB Troy Whitehurst 0-0: Foul Ball, location: 2F
0-1: Foul Ball, location: 2F
0-2: Foul Ball, location: 2F
0-2: Strikes out swinging
Batting: RHB Miguel Rodríguez 0-0: Foul Ball, location: 2F
0-1: Ball
1-1: Fly out, F8 (Flyball, 8RM)
Batting: RHB Leonardo Hernández 0-0: Called Strike
0-1: Swinging Strike
0-2: Foul Ball, location: 2F
0-2: Ball
1-2: Foul Ball, location: 2F
1-2: Ball
2-2: Strikes out swinging
Top of the 5th over - 0 runs, 0 hits, 0 errors, 0 left on base; Athletic Club KC 0 - Grim 0
BOTTOM OF THE 5TH
Grim Reapers batting - Pitching for Athletic Club KC U-21 : RHP Madanraj Velusamy
Batting: RHB Mason Congdon 0-0: Ball
1-0: Ball
2-0: Ball
3-0: Base on Balls
Batting: SHB Fernando Rincón 0-0: Foul Ball, location: 2F
0-1: Foul Ball, location: 2F
0-2: Strikes out swinging
Batting: RHB Colby King 0-0: Ball
1-0: Foul Ball, location: 2F
1-1: Ball
2-1: Ball
3-1: Called Strike
3-2: Base on Balls
Mason Congdon to second
Batting: RHB Harlan Thompson 0-0: Ball
1-0: Ball
2-0: Called Strike
2-1: Ball
3-1: Fielders Choice at 2nd, 1-4 (Groundball, 15)
Mason Congdon to third
Batting: RHB Joe Rodgers 0-0: Fly out, F7 (Flyball, 7)
Bottom of the 5th over - 0 runs, 0 hits, 0 errors, 2 left on base; Athletic Club KC 0 - Grim 0
TOP OF THE 6TH
Athletic Club KC U-21 batting - Pitching for Grim Reapers : RHP Andy Fallon
Batting: RHB Bing-zhong Wu 0-0: Ball
1-0: Foul Ball, location: 2F
1-1: Foul Ball, location: 2F
1-2: Ground out 6-3 (Groundball, 6D)
Batting: RHB John Ricks 0-0: Ball
1-0: Ball
2-0: Called Strike
2-1: Ball
3-1: Base on Balls
Batting: RHB Jon Hall 0-0: Called Strike
0-1: Ball
1-1: Foul Ball, location: 2F
1-2: Ball
2-2: Fly out, F8 (Line Drive, 8LD)
Batting: RHB David Lozano 0-0: Called Strike
John Ricks is caught stealing 2nd base
Top of the 6th over - 0 runs, 0 hits, 0 errors, 0 left on base; Athletic Club KC 0 - Grim 0
BOTTOM OF THE 6TH
Grim Reapers batting - Pitching for Athletic Club KC U-21 : RHP Madanraj Velusamy
Batting: RHB Dolla Head 0-0: SINGLE (Line Drive, 6S) (infield hit)
Batting: LHB Glen Allen Mixon 0-0: Ball
1-0: Ball
2-0: Called Strike
2-1: Called Strike
2-2: Foul Ball, location: 2F
2-2: Fly out, F9 (Line Drive, 9D)
Batting: RHB Milos Jaksch 0-0: Ball
1-0: Ball
2-0: Fly out, F9 (Flyball, 9)
Batting: RHB Mun-wah Law 0-0: Swinging Strike
0-1: Ball
1-1: Swinging Strike
1-2: Strikes out swinging
Bottom of the 6th over - 0 runs, 1 hit, 0 errors, 1 left on base; Athletic Club KC 0 - Grim 0
TOP OF THE 7TH
Athletic Club KC U-21 batting - Pitching for Grim Reapers : RHP Andy Fallon
Batting: RHB David Lozano 0-0: Ball
1-0: Foul Ball, location: 2F
1-1: Foul Ball, location: 2F
1-2: Ball
2-2: Ball
3-2: Foul Ball, location: 2F
3-2: Foul Ball, location: 2F
3-2: Ground out 5-3 (Groundball, 56)
Batting: LHB Loo Liu 0-0: Swinging Strike
0-1: Ball
1-1: Ball
2-1: Foul Ball, location: 2F
2-2: Foul Ball, location: 2F
2-2: Ground out 3-1 (Groundball, 34)
Batting: LHB José Antonio Mireles 0-0: Ball
1-0: Ground out 6-3 (Groundball, 6M)
Top of the 7th over - 0 runs, 0 hits, 0 errors, 0 left on base; Athletic Club KC 0 - Grim 0
BOTTOM OF THE 7TH
Grim Reapers batting - Pitching for Athletic Club KC U-21 : RHP Madanraj Velusamy
Batting: RHB Mason Congdon 0-0: Called Strike
0-1: Ball
1-1: Ground out 1-3 (Groundball, 13)
Pinch Hitting: RHB Huai-yi Yang 0-0: Swinging Strike
0-1: Called Strike
0-2: Ball
1-2: Strikes out swinging
Batting: RHB Colby King 0-0: Called Strike
0-1: Foul Ball, location: 2F
0-2: Ball
1-2: Strikes out swinging
Bottom of the 7th over - 0 runs, 0 hits, 0 errors, 0 left on base; Athletic Club KC 0 - Grim 0
TOP OF THE 8TH
Athletic Club KC U-21 batting - Pitching for Grim Reapers : RHP Andy Fallon
Now at SS: Chua chay Seema
Batting: RHB Troy Whitehurst 0-0: Ball
1-0: Foul Ball, location: 2F
1-1: Ball
2-1: Called Strike
2-2: Foul Ball, location: 2F
2-2: Fly out, F7 (Flyball, 7)
Batting: RHB Miguel Rodríguez 0-0: Called Strike
0-1: Ground out 6-3 (Groundball, 6D)
Pinch Hitting: LHB Miguel Vásquez 0-0: Fly out, F8 (Flyball, 8RS)
Top of the 8th over - 0 runs, 0 hits, 0 errors, 0 left on base; Athletic Club KC 0 - Grim 0
BOTTOM OF THE 8TH
Grim Reapers batting - Pitching for Athletic Club KC U-21 : RHP Madanraj Velusamy
Now at SS: Miguel Vásquez
Pinch Hitting: LHB Kei-thing Zhang 0-0: Called Strike
0-1: Ball
1-1: Ball
2-1: Called Strike
2-2: Foul Ball, location: 2F
2-2: Ball
3-2: Strikes out swinging
Batting: RHB Joe Rodgers 0-0: Foul Ball, location: 2F
0-1: Swinging Strike
0-2: Foul Ball, location: 2F
0-2: Strikes out swinging
Batting: RHB Dolla Head 0-0: Ball
1-0: Ball
2-0: Ball
3-0: Base on Balls
Pitching: LHP Augusto Martínez
Batting: LHB Glen Allen Mixon 0-0: Called Strike
0-1: SINGLE (Line Drive, 89M)
Dolla Head to second
Batting: RHB Milos Jaksch 0-0: Foul Ball, location: 2F
0-1: Swinging Strike
0-2: Ball
1-2: SINGLE (Groundball, 4MD)
Dolla Head to third
Glen Allen Mixon to second
Runner from 3rd tries for Home, SAFE, no throw
Batting: RHB Mun-wah Law 0-0: Ball
1-0: Foul Ball, location: 2F
1-1: Fly out, F9 (Line Drive, 89M)
Bottom of the 8th over - 1 run, 2 hits, 0 errors, 2 left on base; Athletic Club KC 0 - Grim 1
TOP OF THE 9TH
Athletic Club KC U-21 batting - Pitching for Grim Reapers : RHP Andy Fallon
Now at 1B: Kei-thing Zhang
Batting: RHB Bing-zhong Wu 0-0: SINGLE (Flyball, 7LS)
Pitching: RHP Arturo Durán
Batting: RHB John Ricks 0-0: Ball
1-0: Swinging Strike
1-1: Ball
Wild Pitch!
Bing-zhong Wu to second
2-1: Fly out, F7 (Flyball, 78M)
Pinch Hitting: RHB Abeni Mbanefo 0-0: Fly out, F7 (Flyball, 78S)
Batting: RHB David Lozano 0-0: Foul Ball, location: 2F
0-1: Swinging Strike
0-2: Ball
1-2: Ball
2-2: Strikes out looking
Top of the 9th over - 0 runs, 1 hit, 0 errors, 1 left on base; Athletic Club KC 0 - Grim 1
Sunday, March 18th, 2018 - OOTP Baseball 18.8 Build 76